 Dungeon Crawl Stone Soup version 0.26.0-18-gc5c842f807 (webtiles) character file.

Game seed: 8458979156842567406

44 ragingrage the Charlatan (level 3, -3/20 HPs)
             Began as a Gargoyle Artificer on Jan 23, 2021.
             Killed from afar by an orc wizard (5 damage)
             ... with a magic dart
             ... on level 3 of the Dungeon.
             The game lasted 00:01:26 (2899 turns).

ragingrage the Charlatan (Gargoyle Artificer)       Turns: 2899, Time: 00:01:26

Health: -3/20      AC:  6    Str: 16    XL:     3   Next: 60%
Magic:  3/3        EV: 11    Int: 11    God:
Gold:   101        SH:  0    Dex: 10    Spells: 2/2 levels left

rFire    . . .     SeeInvis .   a - +0 club
rCold    . . .     Faith    .   (no shield)
rNeg     + . .     Spirit   .   b - +0 leather armour
rPois    ∞         Reflect  .   (no helmet)
rElec    +         Harm     .   (no cloak)
rCorr    .         Rampage  .   (no gloves)
Will     .....                  (no boots)
Stlth    ++........             (no amulet)
HPRegen  0.06/turn              k - ring of stealth
MPRegen  0.08/turn              (no ring)

@: no status effects
A: negative energy resistance 1, electricity resistance, unbreathing,
petrification resistance, miasma immunity, AC +3
a: no special abilities


You were on level 3 of the Dungeon.
You visited 1 branch of the dungeon, and saw 3 of its levels.

You collected 101 gold pieces.

Inventory:

Hand Weapons
 a - a +0 club (weapon)
Missiles
 m - 6 poisoned darts
Armour
 b - a +0 leather armour (worn)
Jewellery
 k - a ring of stealth (left hand)
Wands
 c - a wand of flame (15) (quivered)
 d - a wand of enslavement (15)
 e - a wand of random effects (15)
 n - a wand of iceblast (7)
Scrolls
 g - 3 scrolls of identify {unknown}
 i - a scroll of amnesia {unknown}
 j - 2 scrolls of remove curse {unknown}
 o - a scroll of enchant armour {unknown}
 q - 2 scrolls of enchant weapon {unknown}
 r - a scroll of noise {unknown}
Potions
 f - 2 potions of attraction {unknown}
 h - 2 potions of curing {unknown}
 l - a potion of mutation {unknown}
 p - a potion of might {unknown}


   Skills:
 - Level 1.1 Fighting
 - Level 2.1 Armour
 - Level 0.7 Dodging
 - Level 1.1 Stealth
 * Level 4.1 Evocations


You had 2 spell levels left.
You didn't know any spells.
Your spell library was empty.

Dungeon Overview and Level Annotations

Branches:
Dungeon (3/15)

Altars:
Ashenzari
Yredelemnul


Innate Abilities, Weirdness & Mutations

You are resistant to torment.
Your stone body is resilient. (AC +3)
You are immune to poison.
You resist negative energy. (rN+)
You are resistant to electric shocks. (rElec)
You can survive without breathing.
You are immune to petrification.
You are immune to miasma.


Message History

The orc wizard gestures wildly while chanting.
The orc wizard blinks!
The orc hits you with a +0 mace.
The orc wizard points at you and mumbles some strange words.
The magic dart hits you but does no damage.
You closely miss the orc wizard.
The orc wizard is heavily wounded.
The orc wizard hits you but does no damage.
You barely miss the orc wizard.
The orc wizard is heavily wounded.
The orc hits you but does no damage. The orc wizard casts a spell at you.
The magic dart hits you!
* * * LOW HITPOINT WARNING * * *
The orc barely misses you.
You hit the orc wizard.
The orc wizard is severely wounded.
The orc wizard gestures at you while chanting.
The magic dart hits you.
You die...

#.# #.# #.#
#.# #.# ###
#.# ##o##
#.# ##@#<##
#.###o###.#
#..<.##
##.......
#<.##.#
#####oo
#......#
##.###..#
#.# .## #.#
.# #.# #


You could see an orc wizard and an orc.

Vanquished Creatures
  3 worms (D:2)
  2 dart slugs (D:1)
  6 bats
  A giant cockroach (D:2)
  A goblin (D:1)
  5 hobgoblins
  2 jackals (D:2)
  2 kobolds
  A frilled lizard (D:1)
  8 rats
31 creatures vanquished.

Notes
Turn   | Place    | Note
-------+----------+-------------------------------------------
     0 | D:1      | ragingrage the Gargoyle Artificer began the quest for the
                  | Orb.
     0 | D:1      | Reached XP level 1. HP: 12/12 MP: 1/1
   183 | D:1      | Reached skill level 3 in Evocations
   272 | D:1      | Reached XP level 2. HP: 16/16 MP: 2/2
   409 | D:1      | Found a broken altar of Ashenzari.
  1395 | D:2      | Found a basalt altar of Yredelemnul.
  1714 | D:2      | Reached XP level 3. HP: 17/20 MP: 3/3
  2091 | D:2      | Noticed an ogre
  2091 | D:2      | Noticed a killer bee
  2357 | D:2      | Reached skill level 4 in Evocations
  2899 | D:3      | Killed from afar by an orc wizard

Illustrated notes

Levels and vault maps discovered:
D:1:      dpeg_arrival_fog, layout_basic, ashenzari_altar_1
D:2:      layout_loops_ring, old_standard_altar, lightli_corner_chamber
D:3:      minmay_thinvault, layout_loops_ring, uniq_robin

Skill      XL: |  1  2  3 |
---------------+----------+-----
Evocations     | 3 4 |  4.1
Fighting       | |  1.1
Armour         | |  2.1
Dodging        | |  0.7
Stealth        | |  1.1

Action                   || total
-------------------------++-------
Melee: Club              ||   191
 Stab: Sleeping          ||     3
Armor: Leather armour    ||    74
Dodge: Dodged            ||   121
